 Dungeon Crawl Stone Soup version 0.21.1 (webtiles) character file.

1595 nikopol the Thaumaturge (level 8, -6/43 HPs)
             Began as a Deep Elf Fire Elementalist on Feb 2, 2018.
             Was a Believer of Vehumet.
             Killed by divine providence
             ... invoked by an orc priest
              (10 damage)
             ... on level 6 of the Dungeon on Feb 4, 2018.
             The game lasted 00:30:16 (7982 turns).

nikopol the Thaumaturge (DEFE)                      Turns: 7982, Time: 00:30:17

Health: -6/43      AC:  3    Str:  5    XL:     8   Next: 62%
Magic:  0/22       EV: 14    Int: 23    God:    Vehumet [**....]
Gold:   318        SH:  0    Dex: 15    Spells: 11/23 levels left

rFire    + . .     SeeInvis .   m - +0 short sword
rCold    + . .     Gourm    .   (no shield)
rNeg     . . .     Faith    .   j - +0 robe {rC+ rF+}
rPois    .         Spirit   .   (no helmet)
rElec    .         Reflect  .   (no cloak)
rCorr    .         Harm     .   q - +0 pair of gloves
MR       .....                  (no boots)
Stlth    +++.......             t - amulet of rage
HPRegen  0.14/turn              (no ring)
MPRegen  0.18/turn              (no ring)

@: no status effects
A: no striking features
a: Renounce Religion, Evoke Berserk Rage


You were on level 6 of the Dungeon.
You worshipped Vehumet.
Vehumet was pleased with you.
You were hungry.

You visited 2 branches of the dungeon, and saw 7 of its levels.
You also visited: Sewer.

You collected 318 gold pieces.

Inventory:

Hand Weapons
 m - a +0 short sword (weapon)
Armour
 j - a +0 robe of resistance (worn)
 q - a +0 pair of gloves (worn)
Jewellery
 t - an amulet of rage (around neck)
Wands
 p - a wand of random effects (29)
 r - a wand of iceblast (2)
 s - a wand of flame (29)
Scrolls
 d - 3 scrolls of identify
 e - 2 scrolls of fog
 f - 9 scrolls of teleportation
 h - 3 scrolls of amnesia
 i - 7 scrolls of remove curse
 u - 4 scrolls of magic mapping
 w - a scroll of fear
Potions
 g - 3 potions of invisibility
 k - 7 potions of curing
 l - 6 potions of haste
 n - 2 potions of magic
 o - 6 potions of heal wounds
 v - 3 potions of agility
 x - a potion of flight
 z - a potion of brilliance
Books
 b - a book of Flames

   Spells                             Type                      Level
   a - Flame Tongue                   Conjuration/Fire             1
   b - Throw Flame                    Conjuration/Fire             2
   c - Conjure Flame                  Conjuration/Fire             3
   d - Inner Flame                    Hexes/Fire                   3
   e - Sticky Flame                   Conjuration/Fire             4
   f - Fireball                       Conjuration/Fire             5
Comestibles
 c - 10 rations


   Skills:
 + Level 1.0 Fighting
 + Level 1.0 Short Blades
 + Level 4.3 Dodging
 + Level 4.0 Stealth
 + Level 8.1 Spellcasting
 + Level 6.2 Conjurations
 + Level 7.1 Fire Magic


You had 11 spell levels left.
You knew the following spells:

 Your Spells              Type           Power        Failure   Level  Hunger
a - Flame Tongue          Conj/Fire      #####        1%          1    None
b - Throw Flame           Conj/Fire      #####.       1%          2    None
c - Conjure Flame         Conj/Fire      #####...     1%          3    None
d - Fireball              Conj/Fire      #####.....   12%         5    #####..
e - Freeze                Ice            #...         7%          1    None


Dungeon Overview and Level Annotations

Branches:
Dungeon (6/15)             Temple (1/1) D:4

Altars:
Cheibriados
Gozag
Makhleb
Qazlal
Ru
Trog
Vehumet
Xom
Zin
The Shining One

Annotations:
D:4 2 transporters


Message History

Confirm with . or Enter, or press ? or * to list all spells.
Aiming: Flame Tongue
Press: ? - help, Shift-Dir - straight line, f/p - orc priest
Aim: an orc priest, wielding a trident and wearing a leather armour (heavily wounded)
The flame tongue hits the orc priest.
The orc priest is severely wounded.
The orc priest hits you but does no damage.
The orc priest invokes the aid of Beogh against you.
Pain shoots through your body!
* * * LOW HITPOINT WARNING * * *
Casting: Flame Tongue
Confirm with . or Enter, or press ? or * to list all spells.
Aiming: Flame Tongue
Press: ? - help, Shift-Dir - straight line, f/p - orc priest
Aim: an orc priest, wielding a trident and wearing a leather armour (severely wounded)
The flame tongue hits the orc priest.
The orc priest is almost dead.
The orc priest calls down the wrath of Beogh upon you.
Beogh smites you!
You die...

#.....##.. .##.........#
#.....##.. ..#.........#
##....##.. #.#.........#
#....##.. #?#.........#
#....##.. #.#.).......#
#....##.. # #.#o) ......
#....##.#
#.###$#..####'#'########.###.#
#.........o..@.............#.#
.......$.................#.#.#
#.###.###.###.#.##########.#.#
#. #..##.#.# #.#.# # ##.##.#.#
#.#.# #..#'#.####### #.#.#
##...........# #.#.#
#.....(.....####.#.#
##.................#


You could see an orc priest.

Vanquished Creatures
  Edmund (D:5)
  A water moccasin (D:5)
  An orc warrior (D:6)
  A phantom (D:5)
  An ice beast (D:6)
  An ogre (D:4)
  3 bullfrogs
  A scorpion (D:5)
  A quasit (D:6)
  A jelly (D:5)
  A centaur skeleton (D:5)
  A bullfrog skeleton (D:4)
  An orc priest (D:4)
  2 worker ants
  2 iguanas
  4 orc wizards
  A hound skeleton (D:5)
  A howler monkey skeleton (D:4)
  5 gnolls
  10 adders
  6 river rats
  3 shadow imps
  An ooze (Sewer)
  An adder skeleton (D:4)
  An adder zombie (D:6)
  6 worms
  4 dart slugs
  2 leopard geckos
  16 orcs
  10 ball pythons
  7 giant cockroaches
  3 goblins
  7 hobgoblins
  6 jackals
  5 kobolds
  A quokka (D:5)
  5 bats
  7 frilled lizards
  A quokka skeleton (D:4)
  34 rats
166 creatures vanquished.

Notes
Turn   | Place    | Note
-------+----------+-------------------------------------------
     0 | D:1      | nikopol the Deep Elf Fire Elementalist began the quest for the Orb.
     0 | D:1      | Reached XP level 1. HP: 10/10 MP: 6/6
     6 | D:1      | Noticed a water moccasin
     6 | D:1      | Noticed a four-headed hydra
     6 | D:1      | Noticed a komodo dragon
   185 | D:1      | Reached XP level 2. HP: 15/15 MP: 4/8
   723 | D:2      | Reached XP level 3. HP: 19/19 MP: 6/10
   830 | D:2      | Found a burning altar of Makhleb.
   831 | D:2      | Found a shimmering altar of Xom.
  1027 | D:2      | Learned a level 2 spell: Throw Flame
  1031 | D:2      | Learned a level 3 spell: Conjure Flame
  2258 | D:3      | Reached XP level 4. HP: 24/24 MP: 3/11
  2362 | D:3      | Reached skill level 4 in Spellcasting
  3049 | D:4      | Found a transporter.
  3091 | D:4      | Reached XP level 5. HP: 15/28 MP: 1/13
  3680 | D:4      | Found a glowing golden altar of the Shining One.
  3803 | D:4      | Noticed an ogre
  3810 | D:4      | Killed an ogre
  3810 | D:4      | Reached skill level 5 in Spellcasting
  3810 | D:4      | Reached skill level 5 in Fire Magic
  3810 | D:4      | Reached XP level 6. HP: 33/33 MP: 9/16
  3817 | D:4      | Learned a level 5 spell: Fireball
  4139 | D:4      | Found a staircase to the Ecumenical Temple.
  4169 | D:4      | Found a transporter.
  4201 | Temple   | Entered the Ecumenical Temple
  4219 | Temple   | Became a worshipper of Vehumet
  4520 | D:5      | Entered Level 5 of the Dungeon
  4660 | D:5      | Noticed Edmund
  4674 | D:5      | Killed Edmund
  4674 | D:5      | Reached XP level 7. HP: 37/37 MP: 4/17
  5628 | D:5      | Reached skill level 6 in Spellcasting
  6070 | D:5      | Reached skill level 5 in Conjurations
  6355 | D:6      | Reached skill level 1 in Short Blades
  6557 | D:6      | Found a glowing drain.
  6563 | D:6      | Reached * piety under Vehumet
  6563 | D:6      | Offered knowledge of Freeze by Vehumet.
  6565 | D:6      | Reached XP level 8. HP: 31/42 MP: 11/20
  6580 | Sewer    | Entered a sewer
  6687 | Sewer    | Learned a level 1 spell: Freeze
  6878 | Sewer    | Reached skill level 7 in Spellcasting
  7092 | Sewer    | Reached ** piety under Vehumet
  7092 | Sewer    | Offered knowledge of Sting by Vehumet.
  7487 | D:6      | Reached skill level 1 in Fighting
  7965 | D:6      | Offered knowledge of Mephitic Cloud by Vehumet.
  7968 | D:6      | Reached skill level 8 in Spellcasting
  7982 | D:6      | Killed from afar by an orc priest

Skill      XL: |  1  2  3  4  5  6  7  8 |
---------------+-------------------------+-----
Fire Magic     | 4 5 6 7 |  7.1
Stealth        | 3 4 |  4.0
Spellcasting   | 4 5 6 8 |  8.1
Conjurations   | 2 3 4 5 6 |  6.2
Dodging        | 3 4 |  4.3
Short Blades   | 1 |  1.0
Fighting       | 1 |  1.0

Action                   |  1- 3 |  4- 6 |  7- 9 || total
-------------------------+-------+-------+-------++-------
Melee: Dagger            |       |       |    32 ||    32
       Short sword       |       |       |     1 ||     1
 Cast: Flame Tongue      |    90 |    82 |   173 ||   345
       Throw Flame       |       |     9 |    18 ||    27
       Conjure Flame     |       |     4 |     2 ||     6
       Fireball          |       |       |     2 ||     2
  Use: Scroll            |       |       |    17 ||    17
       Potion            |       |       |     2 ||     2
  Eat: Chunk             |     3 |     8 |     7 ||    18
       Ration            |       |       |     1 ||     1
Armor: Robe              |    11 |     4 |    28 ||    43
Dodge: Dodged            |    41 |    13 |   101 ||   155
